3AA
SAN BERNARDINO GRASSHOPPERS @ BELVEDERE PARK RAWHIDES
09/04/2030
 
TOP OF THE 1ST
San Bernardino Grasshoppers batting - Pitching for Belvedere Park Rawhides : LHP Katsumoto Miyanohara
Pitching: LHP Katsumoto Miyanohara
Batting: RHB Ronald Comejo 0-0: Ball
1-0: Ball
2-0: Foul Ball, location: 2F
2-1: Swinging Strike
2-2: Fly out, F7 (Flyball, 7LS)
Batting: RHB Luis Yander La O 0-0: Ball
1-0: SINGLE (Flyball, 9LS)
Batting: RHB Jouo Hirschovits 0-0: Called Strike
0-1: Ball
1-1: Ball
2-1: Foul Ball, location: 2F
2-2: Ball
Luis Yander La O steals 2nd base
3-2: Base on Balls
Batting: RHB Noah Bushby 0-0: Ball
1-0: Ball
2-0: Foul Ball, location: 2F
2-1: Ball
3-1: Base on Balls
Luis Yander La O to third
Jouo Hirschovits to second
Batting: LHB Arana Sashi 0-0: Called Strike
0-1: Swinging Strike
0-2: Strikes out swinging
Pitching: LHP António Bruno
Batting: RHB Felix Plugge 0-0: Ground out 5-3 (Groundball, 5S)
Top of the 1st over - 0 runs, 1 hit, 0 errors, 3 left on base; San Bernardino 0 - Belvedere Park 0
BOTTOM OF THE 1ST
Belvedere Park Rawhides batting - Pitching for San Bernardino Grasshoppers : RHP Jack Friedlander
Pitching: RHP Jack Friedlander
Batting: SHB Ed Blackett 0-0: Bunt missed!
0-1: Ground out 1-3 (Groundball, P)
Batting: SHB Ángel Costa 0-0: Ball
1-0: Ball
2-0: Fly out, F8 (Flyball, 8RM)
Batting: RHB Pat Lloyd 0-0: Foul Ball, location: 2F
0-1: Swinging Strike
0-2: SINGLE (Line Drive, 78M)
Batting: RHB Joey Trifone 0-0: Fielders Choice at 2nd, 6-4 (Groundball, 6)
Bottom of the 1st over - 0 runs, 1 hit, 0 errors, 1 left on base; San Bernardino 0 - Belvedere Park 0
TOP OF THE 2ND
San Bernardino Grasshoppers batting - Pitching for Belvedere Park Rawhides : LHP António Bruno
Batting: RHB Edgardo Bello 0-0: Ball
1-0: Foul Ball, location: 2F
1-1: Ground out 4-3 (Groundball, 4S)
Batting: SHB Júlio González 0-0: Called Strike
0-1: Foul Ball, location: 2F
0-2: SOLO HOME RUN (Flyball, 7D), Distance : 410 ft
Batting: RHB Ernesto Deleón 0-0: Ball
1-0: Ball
2-0: Foul Ball, location: 2F
2-1: Ground out 2-3 (Groundball, 2R)
Batting: RHB Ronald Comejo 0-0: Ball
1-0: Called Strike
1-1: Called Strike
1-2: Foul Ball, location: 2F
1-2: Ball
2-2: TRIPLE (Flyball, 8RXD)
Pitching: LHP Antenor Elizalde
Batting: RHB Luis Yander La O 0-0: Called Strike
0-1: Ball
1-1: Ball
2-1: SINGLE (Line Drive, 7S)
Ronald Comejo scores
Batting: RHB Jouo Hirschovits 0-0: Ball
1-0: Fielders Choice at 2nd, 6-4 (Groundball, 6)
Top of the 2nd over - 2 runs, 3 hits, 0 errors, 1 left on base; San Bernardino 2 - Belvedere Park 0
BOTTOM OF THE 2ND
Belvedere Park Rawhides batting - Pitching for San Bernardino Grasshoppers : RHP Jack Friedlander
Batting: RHB José Pérez 0-0: Ball
1-0: Fly out, F8 (Line Drive, 8LD)
Batting: LHB Dan O'Day 0-0: Ball
1-0: Ball
2-0: Ball
3-0: Base on Balls
Batting: RHB Jorge Alcantar 0-0: Ball
1-0: Called Strike
1-1: Ball
2-1: Foul Ball, location: 2F
2-2: Foul Ball, location: 2F
2-2: Foul Ball, location: 2F
2-2: Strikes out swinging
Batting: LHB Seung-soo Ch'ae 0-0: Ball
1-0: Foul Ball, location: 2F
1-1: Ball
Dan O'Day steals 2nd base
2-1: Fly out, F7 (Flyball, 7D)
Bottom of the 2nd over - 0 runs, 0 hits, 0 errors, 1 left on base; San Bernardino 2 - Belvedere Park 0
TOP OF THE 3RD
San Bernardino Grasshoppers batting - Pitching for Belvedere Park Rawhides : LHP Antenor Elizalde
Batting: RHB Noah Bushby 0-0: Ball
1-0: Ground out 6-3 (Groundball, 6)
Batting: LHB Arana Sashi 0-0: Called Strike
0-1: Foul Ball, location: 2F
0-2: Ball
1-2: Ball
2-2: Ball
3-2: Fly out, F7 (Line Drive, 7S)
Now in LF: Kevin Johnson
Batting: RHB Felix Plugge 0-0: Ball
1-0: Called Strike
1-1: SINGLE (Groundball, 56D)
Batting: RHB Edgardo Bello 0-0: Called Strike
0-1: Called Strike
0-2: Foul Ball, location: 2F
0-2: Ball
1-2: Strikes out swinging
Top of the 3rd over - 0 runs, 1 hit, 0 errors, 1 left on base; San Bernardino 2 - Belvedere Park 0
BOTTOM OF THE 3RD
Belvedere Park Rawhides batting - Pitching for San Bernardino Grasshoppers : RHP Jack Friedlander
Batting: RHB Ed Jozwiak 0-0: Ball
1-0: Foul Ball, location: 2F
1-1: Foul Ball, location: 2F
1-2: Ball
2-2: Strikes out looking
Batting: RHB Kevin Johnson 0-0: Ball
1-0: Ball
2-0: Ground out 5-3 (Groundball, 5S)
Batting: SHB Ángel Costa 0-0: Ball
1-0: Ball
2-0: Ball
3-0: Called Strike
3-1: Ground out 4-3 (Groundball, 4)
Bottom of the 3rd over - 0 runs, 0 hits, 0 errors, 0 left on base; San Bernardino 2 - Belvedere Park 0
TOP OF THE 4TH
San Bernardino Grasshoppers batting - Pitching for Belvedere Park Rawhides : LHP Antenor Elizalde
Batting: SHB Júlio González 0-0: Ball
1-0: Called Strike
1-1: Ball
2-1: Called Strike
2-2: Ground out 4-3 (Groundball, 4)
Batting: RHB Ernesto Deleón 0-0: DOUBLE (Groundball, 5L)
Batting: RHB Ronald Comejo 0-0: Called Strike
Ernesto Deleón steals 3rd base
0-1: Foul Ball, location: 2F
0-2: Strikes out looking
Batting: RHB Luis Yander La O 0-0: Called Strike
0-1: Ball
1-1: Called Strike
1-2: Foul Ball, location: 2F
1-2: Ball
2-2: Fly out, F4 (Popup, 34)
Top of the 4th over - 0 runs, 1 hit, 0 errors, 1 left on base; San Bernardino 2 - Belvedere Park 0
BOTTOM OF THE 4TH
Belvedere Park Rawhides batting - Pitching for San Bernardino Grasshoppers : RHP Jack Friedlander
Batting: RHB Pat Lloyd 0-0: Fly out, F9 (Flyball, 89M)
Batting: RHB Joey Trifone 0-0: Foul Ball, location: 2F
0-1: Ball
1-1: Swinging Strike
1-2: Reached on error, E5 (Groundball, 56S)
Batting: RHB José Pérez 0-0: Called Strike
0-1: Fly out, F9 (Flyball, 89S)
Batting: LHB Dan O'Day 0-0: Ball
1-0: Ball
2-0: Ball
3-0: Base on Balls
Batting: RHB Jorge Alcantar 0-0: Called Strike
0-1: Foul Ball, location: 2F
0-2: Ball
1-2: Fly out, F9 (Flyball, 9LSF)
Bottom of the 4th over - 0 runs, 0 hits, 1 error, 2 left on base; San Bernardino 2 - Belvedere Park 0
TOP OF THE 5TH
San Bernardino Grasshoppers batting - Pitching for Belvedere Park Rawhides : LHP Antenor Elizalde
Batting: RHB Jouo Hirschovits 0-0: Ball
1-0: Ball
2-0: Called Strike
2-1: Fly out, F7 (Flyball, 7D)
Batting: RHB Noah Bushby 0-0: SINGLE (Flyball, 89S)
Batting: LHB Arana Sashi 0-0: Foul Ball, location: 2F
0-1: Ball
1-1: Swinging Strike
1-2: Ball
2-2: Strikes out looking
Batting: RHB Felix Plugge 0-0: Foul Ball, location: 2F
0-1: Ball
1-1: SINGLE (Groundball, 56D)
Noah Bushby to second
Batting: RHB Edgardo Bello 0-0: Fly out, F7 (Flyball, 7LSF)
Top of the 5th over - 0 runs, 2 hits, 0 errors, 2 left on base; San Bernardino 2 - Belvedere Park 0
BOTTOM OF THE 5TH
Belvedere Park Rawhides batting - Pitching for San Bernardino Grasshoppers : RHP Jack Friedlander
Batting: LHB Seung-soo Ch'ae 0-0: Foul Ball, location: 2F
0-1: Ball
1-1: Ball
2-1: Foul Ball, location: 2F
2-2: Foul Ball, location: 2F
2-2: Ball
3-2: Foul Ball, location: 2F
3-2: Fly out, F8 (Flyball, 78D)
Batting: RHB Ed Jozwiak 0-0: Ball
1-0: SINGLE (Groundball, 3D)
Batting: RHB Kevin Johnson 0-0: Ball
1-0: Ball
2-0: Ball
3-0: Called Strike
3-1: Base on Balls
Ed Jozwiak to second
Batting: SHB Ángel Costa 0-0: Called Strike
Ed Jozwiak steals 3rd base
Kevin Johnson to second
0-1: Ball
1-1: SINGLE (Groundball, 56D)
Ed Jozwiak scores
Kevin Johnson to third
Runner from 3rd tries for Home, SAFE, no throw
Batting: RHB Pat Lloyd 0-0: Ball
1-0: Foul Ball, location: 2F
1-1: Foul Ball, location: 2F
1-2: Strikes out swinging
Ángel Costa steals 2nd base
Batter strikes out.
Batting: RHB Joey Trifone 0-0: Called Strike
0-1: Ball
1-1: Swinging Strike
1-2: Strikes out looking
Bottom of the 5th over - 2 runs, 2 hits, 0 errors, 1 left on base; San Bernardino 2 - Belvedere Park 2
TOP OF THE 6TH
San Bernardino Grasshoppers batting - Pitching for Belvedere Park Rawhides : LHP Antenor Elizalde
Batting: SHB Júlio González 0-0: Ball
1-0: Swinging Strike
1-1: Ball
2-1: Ball
3-1: Base on Balls
Batting: RHB Ernesto Deleón 0-0: Sac Bunt - play at first, batter OUT! 5-4
Júlio González to second
Batting: RHB Ronald Comejo 0-0: Ball
1-0: Called Strike
1-1: Ball
2-1: Ball
3-1: Base on Balls
Batting: RHB Luis Yander La O 0-0: Ball
1-0: Ball
2-0: Foul Ball, location: 2F
2-1: Ball
3-1: Foul Ball, location: 2F
3-2: Strikes out looking
Batting: RHB Jouo Hirschovits 0-0: Foul Ball, location: 2F
0-1: Swinging Strike
0-2: Ball
1-2: Fly out, F3 (Line Drive, 34)
Top of the 6th over - 0 runs, 0 hits, 0 errors, 2 left on base; San Bernardino 2 - Belvedere Park 2
BOTTOM OF THE 6TH
Belvedere Park Rawhides batting - Pitching for San Bernardino Grasshoppers : RHP Jack Friedlander
Batting: RHB José Pérez 0-0: Ball
1-0: Called Strike
1-1: Ball
2-1: Ball
3-1: Called Strike
3-2: Strikes out swinging
Batting: LHB Dan O'Day 0-0: Ball
1-0: Ball
2-0: Foul Ball, location: 2F
2-1: Fly out, F7 (Flyball, 7D)
Batting: RHB Jorge Alcantar 0-0: Ball
1-0: Foul Ball, location: 2F
1-1: Ball
2-1: DOUBLE (Line Drive, 8LD)
Batting: LHB Seung-soo Ch'ae 0-0: Foul Ball, location: 2F
0-1: Foul Ball, location: 2F
0-2: Ball
1-2: Ball
2-2: Strikes out looking
Bottom of the 6th over - 0 runs, 1 hit, 0 errors, 1 left on base; San Bernardino 2 - Belvedere Park 2
TOP OF THE 7TH
San Bernardino Grasshoppers batting - Pitching for Belvedere Park Rawhides : LHP Antenor Elizalde
Batting: RHB Noah Bushby 0-0: Ball
1-0: Foul Ball, location: 2F
1-1: Ball
2-1: Ball
3-1: Fly out, F6 (Popup, 6M)
Batting: LHB Arana Sashi 0-0: Called Strike
0-1: Foul Ball, location: 2F
0-2: SINGLE (Groundball, 56D)
Pitching: RHP Arturio Sandolva
Batting: RHB Felix Plugge 0-0: Ball
1-0: Grounds into double play, 6-4-3 (Groundball, 6)
Top of the 7th over - 0 runs, 1 hit, 0 errors, 0 left on base; San Bernardino 2 - Belvedere Park 2
BOTTOM OF THE 7TH
Belvedere Park Rawhides batting - Pitching for San Bernardino Grasshoppers : RHP Jack Friedlander
Pinch Hitting: LHB António Serrano 0-0: Ball
1-0: Ball
2-0: Swinging Strike
2-1: Swinging Strike
2-2: Ball
3-2: Foul Ball, location: 2F
3-2: SINGLE (Line Drive, 6MD)
Pitching: RHP Juan Hernández
Pinch Hitting: SHB Adrián Zamudio 0-0: Bunted foul
0-1: Ball
1-1: Bunted foul
1-2: Grounds into double play, 4-6-3 (Groundball, 4)
Batting: SHB Ángel Costa 0-0: Ball
1-0: Foul Ball, location: 2F
1-1: Ball
2-1: SINGLE (Line Drive, 78S)
Batting: RHB Pat Lloyd 0-0: Ball
1-0: Ball
2-0: Called Strike
2-1: Ball
3-1: Swinging Strike
3-2: Strikes out swinging
Bottom of the 7th over - 0 runs, 2 hits, 0 errors, 1 left on base; San Bernardino 2 - Belvedere Park 2
TOP OF THE 8TH
San Bernardino Grasshoppers batting - Pitching for Belvedere Park Rawhides : RHP Arturio Sandolva
Now in LF: António Serrano
Now in RF: Adrián Zamudio
Batting: RHB Edgardo Bello 0-0: Called Strike
0-1: SOLO HOME RUN (Flyball, 7LD), Distance : 390 ft
Batting: SHB Júlio González 0-0: Called Strike
0-1: Ball
1-1: Foul Ball, location: 2F
1-2: Strikes out swinging
Batting: RHB Ernesto Deleón 0-0: Fly out, F9 (Flyball, 9LS)
Batting: RHB Ronald Comejo 0-0: Swinging Strike
0-1: Ground out U3 (Groundball, 34)
Top of the 8th over - 1 run, 1 hit, 0 errors, 0 left on base; San Bernardino 3 - Belvedere Park 2
BOTTOM OF THE 8TH
Belvedere Park Rawhides batting - Pitching for San Bernardino Grasshoppers : RHP Juan Hernández
Batting: RHB Joey Trifone 0-0: Called Strike
0-1: SINGLE (Line Drive, 4MD)
Batting: RHB José Pérez 0-0: Called Strike
0-1: Swinging Strike
0-2: Ball
1-2: Foul Ball, location: 2F
1-2: Foul Ball, location: 2F
1-2: Foul Ball, location: 2F
1-2: Foul Ball, location: 2F
1-2: DOUBLE (Line Drive, 78XD)
Joey Trifone to third
Runner from 3rd tries for Home, SAFE, no throw
Batting: LHB Dan O'Day 0-0: Swinging Strike
0-1: Swinging Strike
0-2: Ball
1-2: Ball
2-2: Foul Ball, location: 2F
2-2: Strikes out swinging
Batting: RHB Jorge Alcantar 0-0: Ball
1-0: Ball
2-0: Foul Ball, location: 2F
2-1: Foul Ball, location: 2F
2-2: Strikes out swinging
Batting: LHB Seung-soo Ch'ae 0-0: Foul Ball, location: 2F
0-1: Swinging Strike
0-2: Foul Ball, location: 2F
0-2: Strikes out swinging
Bottom of the 8th over - 1 run, 2 hits, 0 errors, 1 left on base; San Bernardino 3 - Belvedere Park 3
TOP OF THE 9TH
San Bernardino Grasshoppers batting - Pitching for Belvedere Park Rawhides : RHP Arturio Sandolva
Pitching: RHP Sam Pelsize
Batting: RHB Luis Yander La O 0-0: Swinging Strike
0-1: Ball
1-1: Swinging Strike
1-2: Strikes out swinging
Batting: RHB Jouo Hirschovits 0-0: Foul Ball, location: 2F
0-1: Ball
1-1: SINGLE (Groundball, 34D)
Batting: RHB Noah Bushby 0-0: Ball
1-0: Called Strike
1-1: Grounds into double play, 5-4-3 (Groundball, 56)
Top of the 9th over - 0 runs, 1 hit, 0 errors, 0 left on base; San Bernardino 3 - Belvedere Park 3
BOTTOM OF THE 9TH
Belvedere Park Rawhides batting - Pitching for San Bernardino Grasshoppers : RHP Juan Hernández
Pitching: RHP Austin Aries
Batting: LHB António Serrano 0-0: Ball
1-0: Ball
2-0: Called Strike
2-1: Ball
3-1: Foul Ball, location: 2F
3-2: Base on Balls
Batting: SHB Adrián Zamudio 0-0: Ball
1-0: Bunted foul
1-1: Ball
2-1: Bunted foul
2-2: Ball
3-2: Ground out 6-3 (Groundball, 6MD)
António Serrano to second
Batting: SHB Ángel Costa 0-0: Ball
1-0: Ball
António Serrano steals 3rd base
2-0: Intentional Walk
Batting: RHB Pat Lloyd 0-0: Ball
1-0: Foul Ball, location: 2F
1-1: Foul Ball, location: 2F
1-2: Ball
2-2: Foul Ball, location: 2F
2-2: Foul Ball, location: 2F
2-2: Fielders Choice at home, 6-2 (Groundball, 6M)
Ángel Costa to second
Batting: RHB Joey Trifone 0-0: Called Strike
0-1: Ball
1-1: Called Strike
1-2: Ball
2-2: Foul Ball, location: 2F
2-2: Fly out, F8 (Line Drive, 8LD)
Bottom of the 9th over - 0 runs, 0 hits, 0 errors, 2 left on base; San Bernardino 3 - Belvedere Park 3
TOP OF THE 10TH
San Bernardino Grasshoppers batting - Pitching for Belvedere Park Rawhides : RHP Sam Pelsize
Batting: LHB Arana Sashi 0-0: Ball
1-0: Ball
2-0: Ball
3-0: Swinging Strike
3-1: Called Strike
3-2: Foul Ball, location: 2F
3-2: Strikes out swinging
Pinch Hitting: LHB Víctor Fortis 0-0: Foul Ball, location: 2F
0-1: Ground out 4-3 (Groundball, 4M)
Batting: RHB Edgardo Bello 0-0: Called Strike
0-1: Foul Ball, location: 2F
0-2: Foul Ball, location: 2F
0-2: Foul Ball, location: 2F
0-2: DOUBLE (Line Drive, 7LM)
Batting: SHB Júlio González 0-0: Ball
Wild Pitch!
Edgardo Bello to third
1-0: Foul Ball, location: 2F
1-1: SINGLE (Groundball, 3D)
Edgardo Bello scores
Pinch Hitting: RHB Jorge Durán 0-0: Called Strike
0-1: Ball
1-1: Ball
2-1: Foul Ball, location: 2F
2-2: Reached on error, E5 (Groundball, 56)
Júlio González to second
Batting: RHB Ronald Comejo 0-0: Ball
1-0: Foul Ball, location: 2F
1-1: Foul Ball, location: 2F
1-2: Fly out, F8 (Flyball, 8LD)
Top of the 10th over - 1 run, 2 hits, 1 error, 2 left on base; San Bernardino 4 - Belvedere Park 3
BOTTOM OF THE 10TH
Belvedere Park Rawhides batting - Pitching for San Bernardino Grasshoppers : RHP Austin Aries
Now at C: Ángelo Díaz
Now at 3B: Alberto González
Batting: RHB José Pérez 0-0: Fly out, F7 (Flyball, 7LMF)
Batting: LHB Dan O'Day 0-0: Foul Ball, location: 2F
0-1: Ball
1-1: Ball
2-1: Foul Ball, location: 2F
2-2: SINGLE (Flyball, 9S)
Batting: RHB Jorge Alcantar 0-0: Called Strike
0-1: Called Strike
0-2: Fly out, F4 (Popup, 4)
Batting: LHB Seung-soo Ch'ae 0-0: Called Strike
Dan O'Day steals 2nd base
0-1: Ball
1-1: 2-RUN HOME RUN (Flyball, 9LD), Distance : 359 ft
Sunday, March 18th, 2018 - OOTP Baseball 18.8 Build 76